 Dungeon Crawl Stone Soup version 0.21.1-1-g345015f (webtiles) character file.

72 prawnwizard the Insei (level 4, -2/28 HPs)
             Began as an Octopode Transmuter on July 22, 2018.
             Slain by a goblin
             ... wielding a +0 club
             ... led by Robin
              (3 damage)
             ... on level 2 of the Dungeon.
             The game lasted 00:01:46 (1350 turns).

prawnwizard the Insei (Octopode Transmuter)         Turns: 1350, Time: 00:01:47

Health: -2/28      AC:  1    Str:  9    XL:     4   Next: 26%
Magic:  0/7        EV: 13    Int: 16    God:
Gold:   61         SH:  0    Dex: 12    Spells: 2/8 levels left

rFire    . . .     SeeInvis .     - Unarmed
rCold    . . .     Gourm    .   (no shield)
rNeg     . . .     Faith    .   (helmet restricted)
rPois    .         Spirit   .   j - amulet of rage
rElec    .         Reflect  .   (no ring)
rCorr    .         Harm     .   (no ring)
MR       .....                  (no ring)
Stlth    ++........             (no ring)
HPRegen  0.09/turn              (no ring)
MPRegen  0.10/turn              (no ring)
                                (no ring)
                                (no ring)

@: appendage, very slightly contaminated, drained
A: almost no armour, stealthy swim, amphibious, 8 rings, constrict 8, tentacle
spike 3, camouflage 1, gelatinous body 1
a: End Transformation, Evoke Berserk Rage


You were on level 2 of the Dungeon.
You were hungry.
One of your tentacles had a temporary spike.
You visited 1 branch of the dungeon, and saw 2 of its levels.

You collected 61 gold pieces.

Inventory:

Missiles
 a - 12 arrows
Jewellery
 j - an amulet of rage (around mantle)
 n - an uncursed amulet of faith {unknown}
Scrolls
 e - a scroll of identify {unknown}
 f - a scroll of immolation {unknown}
 g - a scroll of noise {unknown}
Potions
 d - a potion of mutation {unknown}
 h - 2 potions of resistance {unknown}
 i - a potion of degeneration {unknown}
 k - a potion of flight {unknown}
 m - a potion of heal wounds {unknown}
 o - a potion of curing {unknown}
Books
 b - a book of Changes

   Spells                             Type                      Level
   a - Beastly Appendage              Transmutation                1
   b - Sticks to Snakes               Transmutation                2
   c - Spider Form                    Transmutation/Poison         3
   d - Ice Form                       Ice/Transmutation            4
   e - Blade Hands                    Transmutation                5
Comestibles
 c - 3 rations
 l - 3 chunks of flesh


   Skills:
 - Level 1.0(0.2) Fighting
 + Level 2.6(1.8) Dodging
 * Level 3.9(3.1) Unarmed Combat
 + Level 2.5(1.7) Spellcasting
 + Level 2.6(1.8) Transmutations


You had 2 spell levels left.
You knew the following spells:

 Your Spells              Type           Power        Failure   Level  Hunger
a - Beastly Appendage     Tmut           #.....       10%         1    ##.....
b - Sticks to Snakes      Tmut           #.......     16%         2    ###....
c - Spider Form           Tmut/Pois      #.........   41%         3    ####...


Dungeon Overview and Level Annotations

Branches:
Dungeon (2/15)

Altars:

Annotations:
D:2 Robin


Innate Abilities, Weirdness & Mutations

You cannot wear most types of armour.
You are very stealthy in the water. (Stealth+)
You are amphibious.
You can wear up to eight rings at the same time.
You can use your tentacles to constrict eight enemies at once.
Your skin changes colour to match your surroundings (Stealth+).
Your rubbery body absorbs attacks. (AC +1, EV +1)
One of your tentacles bears a large vicious spike.


Message History

A goblin comes into view. It is wielding a club.
Casting: Spider Form
Confirm with . or Enter, or press ? or * to list all spells.
One of your tentacles grows a vicious spike.
The goblin hits you with a club.
The goblin hits you with a dagger of draining!
* * * LOW HITPOINT WARNING * * *
You feel drained.
* * * LOW HITPOINT WARNING * * *
Robin throws the goblin at you!
You are too injured to fight recklessly!
You are too injured to fight recklessly!
You are too injured to fight recklessly!
You are too injured to fight recklessly!
You are too injured to fight recklessly!
You are too injured to fight recklessly!
You tentacle-slap the goblin.
You kill the goblin!
The goblin hits you with a club.
You die...

#.[...#..
.......#.
#.......#
.g........
#ggg......
#.........
..######g........
......)g)........
........@........
..######.g.......
##.###### #.##
#..# #..# ##.#
#.# #.##


You could see Robin, a hobgoblin and 5 goblins.

Vanquished Creatures
  Natasha (D:2)
  2 adders (D:2)
  A dart slug (D:1)
  A leopard gecko (D:1)
  2 bats
  4 goblins
  9 hobgoblins
  2 frilled lizards (D:1)
  3 kobolds (D:1)
  4 rats
29 creatures vanquished.

Notes
Turn   | Place    | Note
-------+----------+-------------------------------------------
     0 | D:1      | prawnwizard the Octopode Transmuter began the quest for the Orb.
     0 | D:1      | Reached XP level 1. HP: 13/13 MP: 3/3
   158 | D:1      | Reached XP level 2. HP: 11/18 MP: 5/5
   754 | D:1      | Reached XP level 3. HP: 23/23 MP: 6/6
   835 | D:1      | Learned a level 2 spell: Sticks to Snakes
   839 | D:1      | Learned a level 3 spell: Spider Form
   841 | D:2      | Noticed Natasha
   849 | D:2      | Killed Natasha
  1146 | D:2      | Reached XP level 4. HP: 15/28 MP: 7/7
  1344 | D:2      | Noticed Robin
  1349 | D:2      | HP: 1/28 [goblin/dagger of draining[Robin] (4)]
  1350 | D:2      | Slain by a goblin

Action                   |  1- 3 |  4- 6 || total
-------------------------+-------+-------++-------
Melee: Unarmed           |    53 |     9 ||    62
       Constrict         |    17 |     1 ||    18
       Tentacles         |     8 |     1 ||     9
       Punch             |     2 |       ||     2
 Cast: Beastly Appendage |       |     1 ||     1
 Stab: Sleeping          |     2 |     1 ||     3
  Eat: Chunk             |       |     1 ||     1
Armor: Skin              |     1 |     1 ||     2
Dodge: Dodged            |    31 |    13 ||    44
